 Dungeon Crawl Stone Soup version 0.25-a0-378-gd2ca0b7745 (console) character file.

Game seed: 17097846092306913304, levelgen mode: deterministic

576 Kagalorn the Covert (level 7, 0/57 HPs)
             Began as a Naga Arcane Marksman on Jan 7, 2020.
             Was a Follower of Okawaru.
             Slain by Dowan
             ... wielding a +2 dagger of electrocution
              (13 damage)
             ... on level 5 of the Dungeon.
             The game lasted 00:17:59 (4185 turns).

Kagalorn the Covert (Naga Arcane Marksman)          Turns: 4185, Time: 00:18:00

Health: 0/57       AC:  5    Str: 14    XL:     7   Next: 35%
Magic:  8/8        EV:  7    Int: 13    God:    Okawaru [*.....]
Gold:   133        SH:  0    Dex: 12    Spells: 7/8 levels left

rFire    . . .     SeeInvis +   b - +0 quarterstaff
rCold    . . .     Gourm    .   (shield currently unavailable)
rNeg     . . .     Faith    .   k - +0 scale mail
rPois    +         Spirit   .   (no helmet)
rElec    .         Reflect  .   (no cloak)
rCorr    .         Harm     .   (no gloves)
MR       .....                  (no barding)
Stlth    +++.......             (no amulet)
HPRegen  0.19/turn              (no ring)
MPRegen  0.11/turn              (no ring)

@: very slow
A: large, see invisible, deformed body, poison resistance, slowness 2, slow
metabolism 1, spit poison 1, AC +2
a: Spit Poison, Heroism, Renounce Religion


You were on level 5 of the Dungeon.
You worshipped Okawaru.
Okawaru was aware of your devotion.
You were hungry.

You visited 1 branch of the dungeon, and saw 5 of its levels.

You collected 181 gold pieces.
You spent 48 gold pieces at shops.

Inventory:

Hand Weapons
 a - a +0 hand crossbow
 b - a +0 quarterstaff (weapon)
Missiles
 d - 41 bolts
 l - 14 poisoned darts (quivered)
 q - 7 atropa-tipped darts
 A - 70 arrows
Armour
 e - a cursed +0 robe
 k - a +0 scale mail (worn)
 B - a +1 buckler of poison resistance
Jewellery
 c - a +3 ring of slaying {unknown}
Wands
 y - a wand of enslavement (6)
Scrolls
 h - 2 scrolls of remove curse {unknown}
 m - 7 scrolls of identify {unknown}
 n - a scroll of teleportation {unknown}
 o - a scroll of magic mapping {unknown}
 r - 2 scrolls of immolation {unknown}
 t - a scroll of noise {unknown}
 u - a scroll of random uselessness {unknown}
 v - 2 scrolls of amnesia {unknown}
 x - 2 scrolls of fear {unknown}
 C - a scroll of enchant weapon {unknown}
Potions
 g - 2 potions of haste {unknown}
 i - a potion of degeneration {unknown}
 j - a potion of resistance {unknown}
 p - a potion of curing
 w - 2 potions of invisibility {unknown}
 z - a potion of agility {unknown}
 E - a potion of magic {unknown}
Comestibles
 f - 9 rations
 s - 4 chunks of flesh


   Skills:
 - Level 1.0 Fighting
 - Level 1.7 Crossbows
 * Level 0.4 Throwing
 - Level 1.5 Dodging
 - Level 10.2 Stealth
 + Level 2.0 Shields
 - Level 1.0 Spellcasting
 - Level 3.0 Hexes
 - Level 2.0 Invocations


You had 7 spell levels left.
You knew the following spells:

 Your Spells              Type           Power        Failure   Level  Hunger
a - Corona                Hex            #......      36%         1    ##.....

Your spell library contained the following spells:

 Spells                   Type           Power        Failure   Level  Hunger
 Slow                     Hex            #.......     50%         2    ###....
 Inner Flame              Hex/Fire       #.......     90%         3    ####...
 Portal Projectile        Hex/Tloc       #.....       90%         3    ####...
 Cause Fear               Hex            #.........   98%         4    #####..
 Leda's Liquefaction      Hex/Erth       #.........   100%        4    #####..


Dungeon Overview and Level Annotations

Branches:
Dungeon (5/15)
 Temple: D:4-7

Altars:
Elyvilon
Okawaru
Qazlal
Xom

Shops:
D:4 [(:(=

Annotations:
D:3 Grinder
D:5 Dowan, Duvessa


Innate Abilities, Weirdness & Mutations

You cannot wear boots.
Your serpentine skin is tough. (AC +2)
You have supernaturally acute eyesight. (SInv)
Armour fits poorly on your strangely shaped body.
Your system is resistant to poisons. (rPois)
You cover ground very slowly.
You have a slow metabolism.
You can spit poison.


Message History

The puff of flame hits you. Dowan hits you but does no damage.
You hit Dowan but do no damage.
Dowan is severely wounded.
You have got your breath back.
Dowan gestures wildly while chanting.
Dowan blinks!
Press: ? - help, Shift-Dir - straight line, f/p - Dowan
Aim: Dowan, wielding a +2 dagger of electrocution and wearing a +0 robe (severely wounded)
The splash of poison hits Dowan but does no damage.
Dowan is poisoned.
Dowan is severely wounded.
You feel slightly more hungry.
You miss Dowan.
Dowan is severely wounded.
Dowan hits you but does no damage.
You are electrocuted!
* * * LOW HITPOINT WARNING * * *
You feel better.
You have got your breath back.
Dowan hits you but does no damage.
You are electrocuted!
You die...

#.#.#.#.#.#.#!
#...........#
...####........#
.............#......
...###e####.#.###..
#....#.......>
####.###.###.# #e#
.# #@# # #.### #...#
########.#####.#
#...)..........#
#.######.#####.#
#.#.............
#.#.####.#####.#
#.#..<...#


You could see Dowan.

Vanquished Creatures
  A phantom (D:4)
  A bullfrog (D:4)
  A howler monkey (D:4)
  A hound (D:4)
  An orc priest (D:4)
  A centaur skeleton (D:4)
  Ijyb (D:4)
  An iguana (D:3)
  A worker ant (D:4)
  11 adders
  A shadow imp (D:5)
  A worm (D:4)
  4 dart slugs
  3 leopard geckos
  21 orcs
  6 bats
  A giant cockroach (D:2)
  13 goblins
  8 hobgoblins
  A quokka (D:3)
  5 frilled lizards
  4 kobolds (D:1)
  4 rats
92 creatures vanquished.

Vanquished Creatures (others)
  An adder skeleton (D:4)
1 creature vanquished.

Grand Total: 93 creatures vanquished

Notes
Turn   | Place    | Note
-------+----------+-------------------------------------------
     0 | D:1      | Kagalorn the Naga Arcane Marksman began the quest for the
                  | Orb.
     0 | D:1      | Reached XP level 1. HP: 18/18 MP: 2/2
    42 | D:1      | Reached skill level 1 in Stealth
   100 | D:1      | Reached skill level 2 in Stealth
   195 | D:1      | Reached XP level 2. HP: 25/25 MP: 3/3
   224 | D:1      | Reached skill level 3 in Stealth
   580 | D:1      | Reached skill level 4 in Stealth
   651 | D:2      | Reached XP level 3. HP: 31/31 MP: 4/4
   652 | D:2      | Found a shimmering altar of Xom.
   657 | D:2      | Found a shimmering altar of Xom.
   878 | D:2      | Reached skill level 5 in Stealth
  1069 | D:2      | Reached XP level 4. HP: 33/38 MP: 5/5
  1151 | D:2      | Reached skill level 6 in Stealth
  1402 | D:3      | Reached skill level 7 in Stealth
  1500 | D:3      | Reached XP level 5. HP: 44/44 MP: 6/6
  1535 | D:3      | Noticed Grinder
  1589 | D:3      | Found a stormy altar of Qazlal.
  2038 | D:3      | Reached skill level 1 in Shields
  2193 | D:4      | Reached skill level 8 in Stealth
  2305 | D:4      | Found Ublum's Weapon Emporium.
  2319 | D:4      | Noticed Ijyb
  2512 | D:4      | Reached XP level 6. HP: 11/51 MP: 7/7
  2762 | D:4      | Bought a +0 quarterstaff for 48 gold pieces
  2805 | D:4      | Found Forunt's Book Emporium.
  2846 | D:4      | Noticed a phantom
  2869 | D:4      | Found an iron altar of Okawaru.
  2877 | D:4      | Became a worshipper of Warmaster Okawaru
  2926 | D:4      | Found Yryrchup's Jewellery Emporium.
  2975 | D:4      | Found Ulekig's Antique Weapon Shop.
  3018 | D:4      | Found a shimmering altar of Xom.
  3167 | D:4      | HP: 2/51 [acid (12)]
  3181 | D:4      | Killed Ijyb
  3552 | D:4      | Reached skill level 1 in Invocations
  3626 | D:4      | Reached skill level 9 in Stealth
  3629 | D:4      | Found the +10 Black Knight's horse barding {ponderous,
                  | rPois rN+}
  3629 | D:4      | Found a white marble altar of Elyvilon.
  3882 | D:4      | Found Musor's Armour Shop.
  3897 | D:4      | Reached XP level 7. HP: 48/57 MP: 8/8
  3950 | D:4      | Reached * piety under Okawaru
  3950 | D:4      | Reached skill level 10 in Stealth
  4082 | D:5      | Entered Level 5 of the Dungeon
  4156 | D:5      | Noticed Dowan
  4158 | D:5      | Noticed Duvessa
  4185 | D:5      | Slain by Dowan

Levels and vault maps discovered:
D:1:      enne_arrival_octagon_isle, layout_basic, minmay_misc_feat_diagonals
D:2:      layout_loops_ring, nrook_mini_vaults, xom_redecorated
D:3:      layout_rooms, nicolae_overflow_hidden_temple, first_ration,
          nicolae_qazlal_general_emergency, uniq_grinder
D:4:      layout_loops_ring, overflow_temple_1_default, lemuel_crystal_altar,
          elyvilon_altar_4, serial_shops, kennysheep_mini, shop_statue,
          kennysheep_little_box, nicolae_shop_statue_plus,
          nicolae_shop_statue_plus, grunt_ministairs_14, minivault_19, uniq_ijyb
D:5:      layout_basic, kennysheep_slug_shrine,
          minmay_temple_entry_proselytizer, basic_altar, serial_bayou_lagoon_a,
          minmay_misc_feat_rows, uniq_pikel, uniq_duvessa, uniq_edmund

Skill      XL: |  1  2  3  4  5  6  7 |
---------------+----------------------+-----
Stealth        | 2 4 5 7 8 9 10 | 10.2
Shields        | 1 2 |  2.0
Invocations    | 2 |  2.0
Fighting       | |  1.0
Crossbows      | |  1.7
Throwing       | |  0.4
Dodging        | |  1.5
Spellcasting   | |  1.0
Hexes          | |  3.0

Action                   |  1- 3 |  4- 6 |  7- 9 || total
-------------------------+-------+-------+-------++-------
Melee: Hand axe          |    85 |    48 |       ||   133
       War axe           |       |    31 |       ||    31
       Quarterstaff      |       |    33 |    18 ||    51
 Fire: Hand crossbow     |     3 |    42 |    14 ||    59
Throw: Dart              |     3 |     1 |       ||     4
 Abil: Spit Poison       |    27 |    37 |    11 ||    75
  Use: Potion            |       |     2 |     1 ||     3
 Stab: Sleeping          |       |     4 |       ||     4
  Eat: Chunk             |     1 |    10 |     1 ||    12
Armor: Robe              |     5 |       |       ||     5
       Scale mail        |    36 |    71 |     8 ||   115
       Skin              |       |     8 |       ||     8
Dodge: Dodged            |    51 |    65 |    19 ||   135
Block: Buckler           |       |    19 |       ||    19

Table legend:
 A = Non-vault XP
 B = Vault XP
 C = Vault XP percentage of total XP
 D = Non-vault monster count
 E = Vault monster count
 F = Vault count percentage of total count
                 A         B        C        D         E       F
            +---------+---------+-------+---------+---------+-------
      Total |     776 |      48 |   5.8 |      87 |       5 |   5.4
            +---------+---------+-------+---------+---------+-------
        D:1 |      31 |       0 |   0.0 |      16 |       0 |   0.0
        D:2 |     100 |       0 |   0.0 |      23 |       0 |   0.0
        D:3 |     122 |       0 |   0.0 |      24 |       0 |   0.0
        D:4 |     508 |      48 |   8.6 |      21 |       5 |  19.2
        D:5 |      15 |       0 |   0.0 |       3 |       0 |   0.0
            +---------+---------+-------+---------+---------+-------
